 Dungeon Crawl Stone Soup version 0.28-a0-1234-g826d19b2e0 (webtiles) character file.

Game seed: 6322074370822349433

3862 vineage the Fighter (level 9, 0/90 HPs)
             Began as a Minotaur Fighter on Dec 23, 2021.
             Was a Priest of Okawaru.
             Slain by Harold (16 damage)
             ... on level 7 of the Dungeon.
             The game lasted 00:06:49 (8620 turns).

vineage the Fighter (Minotaur Fighter)              Turns: 8620, Time: 00:06:49

Health: 0/90       AC: 10    Str: 23    XL:     9   Next: 99%
Magic:  5/8        EV: 13    Int:  9    God:    Okawaru [***...]
Gold:   236        SH:  8    Dex: 18    Spells: 8/8 levels left

rFire   + . .      SeeInvis .   f - +1 whip (flame)
rCold   + . .      Faith    .   c - +1 buckler
rNeg    . . .      Spirit   .   b - +0 scale mail
rPois   .          Reflect  .   (helmet restricted)
rElec   .          Harm     .   t - scarf {shadows}
rCorr   .          Rampage  .   (no gloves)
Will    +....                   y - +0 pair of boots
Stlth   ++........              (no amulet)
HPRegen 0.25/turn               m - ring "Cudes" {rF+ rC+ Will+ Int+4}
MPRegen 0.11/turn               e - +6 ring of dexterity

@: heroic, marked
A: horns 2, retaliatory headbutt
a: Renounce Religion, Heroism


You were on level 7 of the Dungeon.
You worshipped Okawaru.
Okawaru was most pleased with you.
You visited 1 branch of the dungeon, and saw 8 of its levels.

You collected 236 gold pieces.

Inventory:

Hand Weapons
 a - a +0 long sword
 f - a +1 whip of flaming (weapon)
 z - a +0 whip of pain
Armour
 b - a +0 scale mail (worn)
 c - a +1 buckler (worn)
 t - a scarf of shadows (worn)
 y - a +0 pair of boots (worn)
Jewellery
 e - a +6 ring of dexterity (right hand)
 i - a ring of wizardry
 j - a ring of poison resistance
 l - a ring of flight
 m - the ring "Cudes" (left hand) {rF+ rC+ Will+ Int+4}
   (You found it on level 4 of the Dungeon)

   [ring of protection from fire]

   Int:       It affects your intelligence (+4).
   rF:        It protects you from fire.
   rC:        It protects you from cold.
   Will:      It increases your willpower.
 r - a +6 ring of dexterity
 B - an amulet of reflection
 C - a ring of willpower
Wands
 q - a wand of flame (10)
 A - a wand of digging (6)
Scrolls
 g - 5 scrolls of teleportation
 s - a scroll of brand weapon
 x - a scroll of fear
Potions
 d - a potion of might
 h - a potion of brilliance
 k - 2 potions of curing
 n - a potion of heal wounds
 o - a potion of berserk rage
 p - 2 potions of lignification {unknown}
 u - 2 potions of cancellation
 v - 3 potions of ambrosia {unknown}
 w - a potion of flight {unknown}


   Skills:
 + Level 11.6(16.6) Fighting
 - Level 2.4(7.4) Long Blades
 + Level 10.9(15.9) Maces & Flails
 + Level 6.2(11.2) Armour
 + Level 6.2(11.2) Shields


You had 8 spell levels left.
You didn't know any spells.
Your spell library contained the following spells:

 Spells                   Type           Power      Damage    Failure   Level
 Pain                     Necr           0%         1d4       63%         1
 Vampiric Draining        Necr           0%         2d6       94%         3
 Animate Skeleton         Necr           Unusable   N/A       N/A         1

Dungeon Overview and Level Annotations

Branches:
Dungeon (8/15)             Temple (0/1) D:4
   Lair: D:8-11

Altars:
Okawaru
Ru
Uskayaw
Vehumet
Zin

Annotations:
D:7 Harold


Innate Abilities, Weirdness & Mutations

You have a pair of horns on your head.
You reflexively headbutt those who attack you in melee.


Message History

You hit Harold but do no damage. Your headbutt misses Harold.
Harold is severely wounded.
You hit Harold. You burn Harold.
Harold is severely wounded.
Harold hits you with a +0 battleaxe of freezing!!
Harold freezes you.
You hit Harold but do no damage.
Harold is severely wounded.
You feel like a meek peon again.
You hit Harold but do no damage. You headbutt Harold, but do no damage.
Harold is severely wounded.
Harold hits you with a +0 battleaxe of freezing!!
* * * LOW HITPOINT WARNING * * *
Harold freezes you.
* * * LOW HITPOINT WARNING * * *
You hit Harold. You burn Harold.
Harold is severely wounded.
You barely miss Harold. Your headbutt misses Harold.
Harold is severely wounded.
Harold gestures at you while chanting.
You barely resist. You hit Harold but do no damage.
Harold is severely wounded.
You block Harold's attack.
You hit Harold. You burn Harold.
Harold is almost dead.
You hit Harold but do no damage. You headbutt Harold, but do no damage.
Harold is almost dead.
Harold hits you with a +0 battleaxe of freezing!
* * * LOW HITPOINT WARNING * * *
Harold freezes you.
* * * LOW HITPOINT WARNING * * *
You feel much better.
Harold hits you with a +0 battleaxe of freezing!
* * * LOW HITPOINT WARNING * * *
Harold freezes you.
* * * LOW HITPOINT WARNING * * *
You gain the combat prowess of a mighty hero.
Harold hits you with a +0 battleaxe of freezing!
You die...

.#..........#
.#..........#
.#..........#
.###........# .#
#........# .#
#........# .#
#........#
.###........###########
................@@.....
.#########.############
......##.........
.####.##.#.###### .#
#.##.#.# .#
#.##.#.########## .#
#.##.#..))....... .#
#.##.############ .#
#.##.#


You could see Harold.

Vanquished Creatures
  4 slime creatures (D:7)
  Prince Ribbit (D:7)
  A wraith (D:7)
  Menkaure (D:7)
  A steam dragon (D:6)
  3 water moccasins (D:7)
  A sky beast (D:7)
  A black bear (D:6)
  2 centaurs
  3 phantoms
  A kobold brigand (D:7)
  A bullfrog (D:7)
  2 scorpions
  A water moccasin skeleton (D:5)
  A howler monkey (D:7)
  7 wights (D:7)
  A centaur zombie (D:5)
  A hound (D:6)
  3 orc priests
  Crazy Yiuf (D:6)
  3 bullfrog skeletons (D:6)
  3 iguanas
  Natasha (thrice) (D:3)
  5 orc wizards
  2 killer bee zombies
  4 hound zombies (D:5)
  A hound skeleton (D:5)
  3 howler monkey zombies
  4 adders
  A white imp (D:6)
  An adder zombie (D:5)
  A worm (D:2)
  3 dart slugs
  21 orcs
  4 ball pythons
  8 endoplasms
  2 giant cockroaches
  12 hobgoblins
  3 jackals (D:1)
  2 quokkas
  2 bats
  3 frilled lizards
  7 goblins
  12 kobolds
  4 rats
151 creatures vanquished.

Vanquished Creatures (others)
  A fungus (D:6)
  3 plants (D:4)
4 creatures vanquished.

Grand Total: 155 creatures vanquished

Notes
Turn   | Place    | Note
-------+----------+-------------------------------------------
     0 | D:1      | vineage the Minotaur Fighter began the quest for the Orb.
     0 | D:1      | Reached XP level 1. HP: 19/19 MP: 0/0
   114 | D:1      | Reached skill level 4 in Fighting
   114 | D:1      | Reached skill level 1 in Maces & Flails
   401 | D:1      | Reached XP level 2. HP: 27/27 MP: 1/1
   540 | D:1      | Found a faded altar of an unknown god.
  1459 | D:2      | Reached XP level 3. HP: 27/34 MP: 2/2
  2254 | D:3      | Found a hide-covered altar of Uskayaw.
  2255 | D:3      | Noticed Natasha
  2261 | D:3      | Killed Natasha
  2262 | D:3      | Reached skill level 5 in Fighting
  2262 | D:3      | Reached XP level 4. HP: 36/42 MP: 3/3
  2420 | D:3      | Noticed Natasha
  2430 | D:3      | Killed Natasha
  2676 | D:3      | Noticed Natasha
  2685 | D:3      | Killed Natasha
  2686 | D:3      | Reached XP level 5. HP: 27/49 MP: 4/4
  2821 | D:4      | Identified the ring "Cudes" {rF+ rC+ Will+ Int+4}
  2827 | D:4      | Noticed a centaur
  2833 | D:4      | Killed a centaur
  2834 | D:4      | Reached skill level 6 in Fighting
  2915 | D:4      | Noticed a phantom
  2930 | D:4      | Killed a phantom
  2931 | D:4      | Reached skill level 5 in Maces & Flails
  2931 | D:4      | Reached XP level 6. HP: 45/58 MP: 5/5
  3004 | D:4      | Found an iron altar of Okawaru.
  3014 | D:4      | Became a worshipper of Warmaster Okawaru
  3133 | D:4      | Found a glowing silver altar of Zin.
  3254 | D:4      | Found a staircase to the Ecumenical Temple.
  3261 | D:4      | Reached skill level 7 in Fighting
  3845 | D:5      | Entered Level 5 of the Dungeon
  3870 | D:5      | Reached XP level 7. HP: 37/66 MP: 6/6
  4373 | D:5      | Reached * piety under Okawaru
  4374 | D:5      | Reached skill level 8 in Fighting
  5298 | D:6      | Reached XP level 8. HP: 64/75 MP: 7/7
  5548 | D:6      | Reached skill level 9 in Fighting
  5620 | D:6      | You fall into a shaft and drop 2 floors!
  5638 | D:7      | Noticed Prince Ribbit
  5698 | D:7      | Killed Prince Ribbit
  5931 | D:6      | Reached ** piety under Okawaru
  5932 | D:6      | Reached skill level 10 in Fighting
  6112 | D:6      | Found a radiant altar of Vehumet.
  6466 | D:6      | Found a sacrificial altar of Ru.
  6783 | D:6      | Found a runed translucent door.
  6784 | D:6      | Noticed Crazy Yiuf
  6789 | D:6      | Killed Crazy Yiuf
  7066 | D:7      | Reached XP level 9. HP: 73/85 MP: 8/8
  7376 | D:7      | Reached skill level 10 in Maces & Flails
  7606 | D:7      | Noticed Menkaure
  7611 | D:7      | Killed Menkaure
  7612 | D:7      | Reached skill level 11 in Fighting
  7693 | D:7      | Reached *** piety under Okawaru
  7809 | D:7      | Reached skill level 5 in Armour
  7809 | D:7      | Reached skill level 5 in Shields
  7827 | D:7      | Killed a large slime creature
  8595 | D:7      | Noticed Harold
  8620 | D:7      | Slain by Harold

Illustrated notes

Levels and vault maps discovered:
D:1:      sevenhm_arrival_forest_fort_small_4, layout_basic,
          shapermc_ecumenical_altar_mp_highgroup
D:2:      layout_loops_cross, minmay_pentomino_w4
D:3:      layout_basic, mainiacjoe_overflow_surrounded_room, uniq_natasha
D:4:      layout_basic, mainiacjoe_overflow_cross_hatched,
          mainiacjoe_overflow_24_doors, minmay_temple_entry_ruins,
          roderic_lattice_a
D:5:      layout_basic, serial_undead, serial_undead_b, serial_undead_f,
          serial_undead_d, serial_undead_e
D:6:      layout_layer_cave, nicolae_overflow_hidden_temple,
          kennysheep_mini_moat, uniq_crazy_yiuf_cottage
D:7:      layout_basic, uniq_prince_ribbit1, uniq_menkaure, uniq_harold
D:8:      layout_basic, doesnt_xom_only_xom, grunt_decor_junction,
          minmay_shop_damaged, kennysheep_nondescript, kennysheep_boxes

Skill      XL: |  1  2  3  4  5  6  7  8  9 |
---------------+----------------------------+-----
Fighting       | 4 5 6 7 8 10 11 | 11.6
Maces & Flails | 1 2 3 5 6 7 9 10 | 10.9
Armour         | 6 |  6.2
Shields        | 6 |  6.2
Long Blades    | |  2.4

Action                   |  1- 3 |  4- 6 |  7- 9 || total
-------------------------+-------+-------+-------++-------
Melee: Whip              |    88 |    97 |   346 ||   531
       Headbutt          |    18 |    20 |   101 ||   139
       Long sword        |     2 |       |       ||     2
Invok: Heroism           |       |       |     6 ||     6
  Use: Scroll            |     7 |     4 |     5 ||    16
       Potion            |       |       |     1 ||     1
Armor: Scale mail        |    24 |    25 |    63 ||   112
Dodge: Dodged            |    34 |    31 |    80 ||   145
Block: Buckler           |     8 |    27 |    68 ||   103

Table legend: (Time is in decaauts)
 A = Elapsed time spent in this place.
 B = Non-inter-level travel time spent in this place.
 C = Inter-level travel time spent in this place.
 D = Time resting spent in this place.
 E = Time spent auto-exploring this place.
 F = Levels seen in this place.
 G = Mean time per level.
                   A        B        C        D        E       F      G
               +--------+--------+--------+--------+--------+-----+--------+
         Total |   8491 |   8177 |    314 |    242 |   6972 |   8 | 1061.4 |
       Dungeon |   8491 |   8177 |    314 |    242 |   6972 |   8 | 1061.4 |
               +--------+--------+--------+--------+--------+-----+--------+

Top non-repeatable levels by time:
     D:7: 1989 daAuts
     D:6: 1365 daAuts
     D:5: 1291 daAuts
     D:4: 1138 daAuts
     D:1: 1032 daAuts
     D:2: 909 daAuts
     D:3: 752 daAuts
     D:8: 12 daAuts
